 Dungeon Crawl Stone Soup version 0.32-a0-329-ge6c31236d6 (webtiles) character file.

Game seed: 16896259555863713341

861 Xavori the Trooper (level 8, 0/63 HPs)
             Began as a Djinni Chaos Knight on Feb 16, 2024.
             Was a Plaything of Xom.
             Slain by a gnoll bouda
             ... wielding a +0 whip
              (3 damage)
             ... on level 5 of the Dungeon on Feb 17, 2024.
             The game lasted 00:05:52 (14714 turns).

Xavori the Trooper (Djinni Chaos Knight)           Turns: 14714, Time: 00:05:53

Health: 0/63       AC:  3    Str:  6    XL:     8   Next: 22%
Gold:   375        EV: 14    Int: 19    God:    Xom [.....*] SH:  0 Dex: 25

rFire   + + .        t - +2 falchion (holy)
rCold   x . .        (no shield)
rNeg    . . .        b - +2 leather armour
rPois   ∞            (helmet restricted)
rElec   .            (no cloak)
rCorr   .            (no gloves)
SInv    .            (boots unavailable)
Will    .....        i - amulet of faith
Stlth   ++           m - +6 ring of dexterity
HPRegen 0.30/turn    u - +6 ring of intelligence
MPRegen 0.00/turn

%: faith, infuse magic (-1 HP)
@: flying, very slightly contaminated
A: sickness immunity, fire resistance 2, cold vulnerability 1, float, innate
caster, HP casting, extra vitality 1, antennae 1, agile 1, deformed body, sense
surroundings 1, robust 1, weak 2
a: Renounce Religion


You were on level 5 of the Dungeon.
You worshipped Xom.
You were Xom's teddy bear.
You visited 1 branch of the dungeon, and saw 5 of its levels.
You also visited: Sewer.

You collected 375 gold pieces.

Inventory:

Hand Weapons
 a - a +0 falchion of chaos
 t - a +2 falchion of holy wrath (weapon)
Armour
 b - a +2 leather armour (worn)
 e - a +1 helmet of see invisible
Jewellery
 i - an amulet of faith (around neck)
 m - a +6 ring of dexterity (left hand)
 u - a +6 ring of intelligence (right hand)
Wands
 j - a wand of mindburst (1)
 k - a wand of iceblast (16)
Scrolls
 c - a scroll of butterflies
 g - a scroll of poison {unknown}
 l - 2 scrolls of teleportation
 n - a scroll of vulnerability
 p - 2 scrolls of fear
 q - a scroll of silence
Potions
 d - a potion of brilliance {unknown}
 f - 2 potions of curing {unknown}
 h - 3 potions of attraction {unknown}
 o - 3 potions of magic {unknown}
 r - a potion of lignification {unknown}
 s - 2 potions of might {unknown}
 v - 2 potions of resistance {unknown}
 w - a potion of invisibility {unknown}
 x - a potion of haste {unknown}
 z - a potion of cancellation {unknown}


   Skills:
 + Level 4.3 Fighting
 + Level 3.9 Long Blades
 + Level 3.1 Armour
 + Level 4.0 Dodging
 * Level 3.1 Spellcasting
 * Level 3.1 Conjurations
 * Level 3.1 Hexes
   Level 0.0 Charms
 * Level 3.1 Summonings
 * Level 3.1 Necromancy
 * Level 3.1 Translocations
   Level 0.0 Transmutations
 * Level 3.1 Fire Magic
 * Level 3.1 Ice Magic
 * Level 3.1 Air Magic
 * Level 3.1 Earth Magic
 * Level 3.1 Alchemy
 * Level 3.7 Evocations


You knew the following spells:

 Your Spells              Type           Power      Damage    Failure   Level
a - Sting                 Conj/Alch      60%        1d6       6%          1
b - Mercury Vapours       Alch/Air       30%        N/A       10%         2
c - Call Imp              Summ           30%        N/A       10%         2
Your spell library was empty.

Dungeon Overview and Level Annotations

Branches:
Dungeon (5/15)              Sewer (visited)
 Temple: D:4-7

Altars:
Fedhas
Xom

Shops:
D:2 (   D:4 :


Innate Abilities, Weirdness & Mutations

You are immune to sickness and miasma.
You are immune to poison.
Your flesh is very heat resistant. (rF++)
You are vulnerable to cold. (rC-)
You float through the air rather than walking.
You learn spells naturally, not from books.
Your magical power is your life essence.
You have superior vitality. (+4 MHP)
You have a pair of small antennae on your head.
You are agile. (Dex +4, Str/Int -1)
Armour fits poorly on your strangely shaped body.
You passively map a small area around you.
You are robust. (+10% HP)
You are very weak. (Str -4)


Message History

The gnoll bouda closely misses you.
Your cerulean imp hits the ogre but does no damage.
Unknown command.
Unknown command.
You hit the gnoll bouda.
The gnoll bouda is moderately wounded.
The ogre misses your cerulean imp.
The gnoll bouda hits you with a +0 whip!
Your cerulean imp hits the ogre but does no damage.
The gnoll bouda barely misses you.
Your cerulean imp hits the ogre with a -3 spear.
The ogre hits your cerulean imp with a +0 giant spiked club!
Your cerulean imp dies!
Your cerulean imp disappears in a puff of smoke!
The gnoll bouda hits you with a +0 whip!
You see here a +0 long sword.
Your attacks no longer feel as feeble.
The gnoll bouda attacks as it pursues you!
The gnoll bouda completely misses you.
You see here a +0 leather armour.
The gnoll bouda attacks as it pursues you!
The gnoll bouda hits you with a +0 whip!
* * * LOW HITPOINT WARNING * * *
Unknown command.
Casting: Call Imp (safe; 10% risk of failure)
Confirm with . or Enter, or press ? or * to list all spells.
You miscast Call Imp.
You are very lightly contaminated with residual magic.
Nothing appears to happen.
* * * LOW HITPOINT WARNING * * *
The gnoll bouda hits you with a +0 whip.
* * * LOW HITPOINT WARNING * * *
Okay, then.
Aiming: Mindburst
Press: ? - help, Shift-Dir - straight line, f - gnoll bouda
Aim: a gnoll bouda, wielding a +0 whip and wearing a +0 robe (moderately wounded, chance to affect: 78%)
The gnoll bouda barely resists.
The gnoll bouda hits you with a +0 whip.
You die...
Xom chortles!

* ## * ,,, , ##.##
, * * * ##.#.## , ,
, * , * ##.#.#.## ,
##.#.#.#.## **
*,##.#.###.#.## * ,
##.#.##.##.#.## ,
##.#.##.#.##.#.##
,, *
##.#@##.#.#.##.#.##
* #.#g##.#††.#
##.#.## * #O##[)$?#
* ##.#.#* , *
,*#.#.{.#.##
##.#.## ,##.#.#.##
,##.#†##* *
##.#.##, ##.#.## *
,##.## ##.#.## * ,
## ##.#.## * , , ,*
##.#.### * *


You could see an ogre and a gnoll bouda.

Vanquished Creatures
  Eustachio (D:4)
  An ogre (D:4)
  A howler monkey (D:5)
  2 jellies (Sewer)
  A bombardier beetle (D:4)
  2 hounds (D:5)
  2 orc priests (D:4)
  Robin (D:3)
  A gnoll (D:1)
  6 adders
  2 river rats (Sewer)
  An ufetubus (D:5)
  7 dart slugs
  5 ribbon worms
  2 orcs
  10 bats
  11 endoplasms
  9 giant cockroaches
  12 goblins
  9 hobgoblins
  10 kobolds
  3 quokkas
  10 ball pythons
  15 frilled lizards
  4 rats
128 creatures vanquished.

Vanquished Creatures (collateral kills)
  2 jellies (Sewer)
  A jackal (D:5)
  A ball python (Sewer)
  A rat (Sewer)
5 creatures vanquished.

Grand Total: 133 creatures vanquished

Notes
Turn   | Place    | Note
-------+----------+-------------------------------------------
     0 | D:1      | Xavori the Djinni Chaos Knight began the quest for the Orb.
     0 | D:1      | Reached XP level 1. HP: 20/20 MP: 0/0
    46 | D:1      | Reached XP level 2. HP: 25/25 MP: 0/0
   160 | D:1      | Reached skill level 1 in Spellcasting
   160 | D:1      | Reached skill level 1 in Conjurations
   160 | D:1      | Reached skill level 1 in Hexes
   160 | D:1      | Reached skill level 1 in Summonings
   160 | D:1      | Reached skill level 1 in Necromancy
   160 | D:1      | Reached skill level 1 in Translocations
   160 | D:1      | Reached skill level 1 in Fire Magic
   160 | D:1      | Reached skill level 1 in Ice Magic
   160 | D:1      | Reached skill level 1 in Air Magic
   160 | D:1      | Reached skill level 1 in Earth Magic
   160 | D:1      | Reached skill level 1 in Alchemy
   160 | D:1      | Reached XP level 3. HP: 19/30 MP: 0/0
   160 | D:1      | Learned a level 1 spell: Sting
   509 | D:1      | Reached XP level 4. HP: 35/35 MP: 0/0
  1683 | D:1      | XOM: god gift: bubbling pink potion {god gift}
  1817 | D:1      | XOM: god gift: 19 gold pieces
  2180 | D:1      | XOM: cloud trail
  2776 | D:1      | XOM: give mutation
  3400 | D:1      | XOM: god gift: 2 atropa-tipped darts
  3886 | D:1      | XOM: divination: detect items
  4125 | D:1      | XOM: god gift: 41 gold pieces
  4198 | D:1      | XOM: god gift: runed bronze wand {god gift}
  4367 | D:1      | XOM: scenery: create altars
  4546 | D:1      | XOM: god gift: wand of iceblast (7)
  5124 | D:1      | XOM: give mutations
  5124 | D:1      | Gained mutation: Armour fits poorly on your strangely
                  | shaped body. [Xom's mischief]
  5124 | D:1      | Gained mutation: You are weak. (Str -2) [Xom's mischief]
  5124 | D:1      | Gained mutation: You passively map a small area around you.
                  | [Xom's mischief]
  5124 | D:1      | Gained mutation: You have hidden genetic defects. [Xom's
                  | mischief]
  5219 | D:1      | XOM: summons 3 hostile shadow creatures
  6401 | D:1      | XOM: summons 3 hostile demons
  6533 | D:2      | XOM: 1-stop teleportation journey
  6645 | D:2      | Found Baargh's Weapon Emporium.
  6675 | D:2      | Gained mutation: You are very weak. (Str -4) [hidden
                  | defects]
  6921 | D:2      | Gained mutation: Your spells are a little easier to cast,
                  | but a little less powerful. [hidden defects]
  6921 | D:2      | Lost mutation: You have hidden genetic defects. [hidden
                  | defects expressed]
  7132 | D:1      | XOM: noise
  7421 | D:1      | XOM: stat loss: -1 Dex (14/15)
  7722 | D:1      | XOM: stat loss: -1 Str (6/7)
  8120 | D:1      | XOM: draining
  8246 | D:1      | XOM: give mutations
  8246 | D:1      | Gained mutation: You expend health (3 HP) to strengthen
                  | your wands. [Xom's grace]
  8246 | D:1      | Gained mutation: You possess an exceptional clarity of
                  | mind. [Xom's grace]
 10419 | D:1      | XOM: stat loss: -1 Str (5/7)
 10536 | D:1      | XOM: scenery: create altars
 10656 | D:1      | XOM: summons 3 hostile demons
 10861 | D:2      | XOM: summons 2 hostile shadow creatures
 10977 | D:1      | Glimpsed the power of Zot.
 11064 | D:2      | Reached XP level 5. HP: 23/36 MP: 0/0
 11064 | D:2      | Learned a level 2 spell: Mercury Vapours
 11250 | D:2      | Reached skill level 1 in Evocations
 11527 | D:3      | XOM: silly message
 11547 | D:3      | XOM: give mutations
 11547 | D:3      | Gained mutation: You are partially covered in iridescent
                  | scales. (AC +2) [Xom's grace]
 11547 | D:3      | Gained mutation: You are agile. (Dex +4, Str/Int -1) [Xom's
                  | grace]
 11547 | D:3      | Gained mutation: You are robust. (+10% HP) [Xom's grace]
 11549 | D:3      | Noticed Robin
 11564 | D:3      | XOM: swap monsters
 11718 | D:3      | Killed Robin
 12054 | D:3      | XOM: draining
 12149 | D:3      | XOM: silly message
 12152 | D:3      | Reached XP level 6. HP: 44/44 MP: 0/0
 12333 | D:3      | XOM: give mutations
 12333 | D:3      | Gained mutation: You have a pair of small antennae on your
                  | head. [Xom's mischief]
 12333 | D:3      | Lost mutation: You are partially covered in iridescent
                  | scales. (AC +2) [Xom's mischief]
 12333 | D:3      | Lost mutation: You possess an exceptional clarity of mind.
                  | [Xom's mischief]
 12477 | D:4      | Noticed an ogre
 12487 | D:4      | XOM: butterfly on damage
 12490 | D:4      | Killed an ogre
 12709 | D:3      | XOM: scenery: summon butterflies
 12837 | D:4      | XOM: scenery: summon butterflies
 12867 | D:4      | XOM: 1-stop teleportation journey
 12959 | D:4      | Found a blossoming altar of Fedhas.
 12989 | D:4      | Noticed Eustachio
 12991 | D:4      | XOM: enchant monster (good)
 12994 | D:4      | XOM: 8-stop teleportation journey
 13021 | D:4      | XOM: give mutations
 13021 | D:4      | Lost mutation: You expend health (3 HP) to strengthen your
                  | wands. [Xom's mischief]
 13021 | D:4      | Lost mutation: Your spells are a little easier to cast, but
                  | a little less powerful. [Xom's mischief]
 13040 | D:4      | Reached XP level 7. HP: 7/56 MP: 0/0
 13040 | D:4      | Learned a level 2 spell: Call Imp
 13093 | D:4      | XOM: cloud trail
 13225 | D:4      | Killed Eustachio
 13373 | D:4      | XOM: god gift: 2 silver javelins
 13440 | D:4      | XOM: god gift: scroll labelled ASSE YWEA {god gift}
 13500 | D:4      | XOM: cloud trail
 13767 | D:4      | Found Qobigher's Tiny Tomes.
 13878 | D:5      | Entered Level 5 of the Dungeon
 13886 | D:5      | Found a glowing drain.
 13894 | D:5      | XOM: potion effect (berserk rage)
 13920 | Sewer    | Entered a sewer
 13990 | Sewer    | XOM: smoke on damage
 14020 | Sewer    | XOM: 1-stop teleportation journey
 14060 | Sewer    | XOM: smoke on damage
 14288 | Sewer    | XOM: god gift: Anaj's Precepts of Fulgent Coffins {god
                  | gift}
 14328 | Sewer    | Found a viscous altar of Jiyva.
 14341 | Sewer    | XOM: confuse monster(s)
 14343 | Sewer    | Reached XP level 8. HP: 51/63 MP: 0/0
 14712 | D:5      | HP: 2/63 [gnoll bouda/+0 whip (5)]
 14714 | D:5      | Slain by a gnoll bouda

Illustrated notes

Levels and vault maps discovered:
D:1:      amcnicky_arrival_double_pillar, layout_rooms
D:2:      layout_basic, serial_shops, nicolae_shop_tiny_glass, serial_glass,
          glass_columns_a, glass_columns_a, item_on_display_a, st_stairs_12,
          minmay_lizard_pond
D:3:      layout_loops_ring, uniq_robin
D:4:      layout_layer_cave, mainiacjoe_overflow_brackets,
          nicolae_shop_i_like_small_books_too, minmay_misc_feat_five,
          uniq_eustachio
D:5:      minmay_inner_zag, layout_basic, lemuel_coloured_pillars_altar,
          kennysheep_mini, zin_angel, cheibrodos_sewer_entry_drain

Skill      XL: |  1  2  3  4  5  6  7  8 |
---------------+-------------------------+-----
Spellcasting   | 1 2 3 |  3.1
Conjurations   | 1 2 3 |  3.1
Hexes          | 1 2 3 |  3.1
Summonings     | 1 2 3 |  3.1
Necromancy     | 1 2 3 |  3.1
Translocations | 1 2 3 |  3.1
Fire Magic     | 1 2 3 |  3.1
Ice Magic      | 1 2 3 |  3.1
Air Magic      | 1 2 3 |  3.1
Earth Magic    | 1 2 3 |  3.1
Alchemy        | 1 2 3 |  3.1
Long Blades    | 3 |  3.9
Evocations     | 1 2 3 |  3.7
Armour         | 2 3 |  3.1
Dodging        | 3 4 |  4.0
Fighting       | 4 |  4.3

Action                     |  1- 3 |  4- 6 |  7- 9 || total
---------------------------+-------+-------+-------++-------
  Melee: Falchion          |    51 |   220 |   103 ||   374
   Cast: Mercury Vapours   |       |     5 |     5 ||    10
         Call Imp          |       |       |     6 ||     6
  Evoke: Wand              |       |       |     1 ||     1
    Use: Scroll            |       |     3 |     1 ||     4
   Stab: Sleeping          |       |     3 |     2 ||     5
         Distracted        |       |       |     2 ||     2
         Confused          |       |       |     2 ||     2
 Armour: Leather armour    |    36 |   139 |    62 ||   237
  Dodge: Dodged            |    33 |   170 |    96 ||   299

Table legend: (Time is in decaauts)
 A = Elapsed time spent in this place.
 B = Non-inter-level travel time spent in this place.
 C = Inter-level travel time spent in this place.
 D = Time resting spent in this place.
 E = Time spent auto-exploring this place.
 F = Levels seen in this place.
 G = Mean time per level.
                   A        B        C        D        E       F      G
               +--------+--------+--------+--------+--------+-----+--------+
         Total |  14775 |  14545 |    230 |  10536 |   2996 |   6 | 2462.5 |
       Dungeon |  14133 |  13903 |    230 |  10341 |   2707 |   5 | 2826.6 |
         Sewer |    642 |    642 |      0 |    195 |    289 |   1 |  642.0 |
               +--------+--------+--------+--------+--------+-----+--------+

Top non-repeatable levels by time:
     D:1: 10104 daAuts
     D:2: 1551 daAuts
     D:4: 1232 daAuts
     D:3: 1034 daAuts
   Sewer: 642 daAuts
     D:5: 209 daAuts
